 Dungeon Crawl Stone Soup version 0.18-a0-1577-gf591c28 (webtiles) character file.

18 Duffy the Sneak (level 2, 20/22 HPs)
             Began as a Demonspawn Assassin on Mar 18, 2016.
             Was a Believer of Lugonu.
             Quit the game on level 3 of the Dungeon.
             The game lasted 00:01:01 (532 turns).

Duffy the Sneak (Demonspawn Assassin)                Turns: 532, Time: 00:01:01

Health: 20/22      AC: 11    Str: 11    XL:     2   Next: 48%
Magic:  2/2        EV:  5    Int: 12    God:    Lugonu [**....]
Gold:   25         SH:  0    Dex: 14    Spells: 0 memorised, 1 level left

rFire  . . .     SeeInvis .     h - +0 hand axe (freeze)
rCold  . . .     Gourm    .     n - +0 chain mail
rNeg   . . .     Faith    .     (no shield)
rPois  .         Spirit   .     (no helmet)
rElec  .         Dismiss  .     d - +0 cloak
rCorr  .         Reflect  .     (no gloves)
SustAt .         Harm     .     (no boots)
MR     .....                    (no amulet)
Stlth  ..........               (no ring)
                                (no ring)

@: not resistant to hostile enchantments, extremely unstealthy
A: yellow scales 1
a: Depart the Abyss, Bend Space, Renounce Religion


You were on level 3 of the Dungeon.
You worshipped Lugonu.
Lugonu was pleased with you.
You were not hungry.

You visited 1 branch of the dungeon, and saw 3 of its levels.

You collected 25 gold pieces.


Innate Abilities, Weirdness & Mutations

You are partially covered in yellow scales (AC +2).


   Skills:
 - Level 2.0 Fighting
 - Level 1.8 Short Blades
 + Level 1.8 Axes
 - Level 1.7 Throwing
 - Level 1.0 Dodging
 - Level 3.6 Stealth


You had one spell level left.
You didn't know any spells.

Inventory:

Hand Weapons
 a - a +2 dagger
 b - a +0 blowgun
 h - a +0 hand axe of freezing (weapon)
Missiles
 e - 8 poisoned needles
 f - 2 curare-tipped needles
Armour
 c - a +0 robe
 d - a +0 cloak (worn)
 k - a +0 leather armour
 n - a +0 chain mail (worn)
Scrolls
 j - a scroll of recharging {unknown}
 l - 2 scrolls of identify {unknown}
 m - a scroll of remove curse {unknown}
 o - a scroll of teleportation {unknown}
Comestibles
 g - a bread ration
 i - a royal jelly

Dungeon Overview and Level Annotations

Branches:
Dungeon (3/15)

Altars:
Lugonu


Message History

The bat barely misses you. The kobold hits you but does no damage.
The kobold barely misses you.
You closely miss the kobold. The bat hits you but does no damage.
The kobold hits you with a vampiric dagger.
You miss the bat. You hit the kobold. You freeze the kobold.
The kobold is severely wounded.
The bat hits you but does no damage. The kobold barely misses you.
You hit the kobold. You freeze the kobold.
You kill the kobold!
Lugonu accepts your kill. The bat hits you but does no damage.
The bat barely misses you.
You see here a scroll labeled YTSUDE ZEOZOIM.
The bat hits you but does no damage. x2
Your chain mail prevents you from hitting the bat.
The bat hits you but does no damage. The bat barely misses you.
The bat barely misses you.
You hit the bat. You freeze the bat.
You kill the bat!
Lugonu accepts your kill.
No target in view!
No target in view!
No target in view!
No target in view!
No target in view!
No target in view!
No target in view!
No target in view!
No target in view!
o - a scroll labeled YTSUDE ZEOZOIM
There is a stone staircase leading up here.
You see here a vampiric dagger.
You open the door.
Found 5 exploding sling bullets.
Are you sure you want to abandon this character and quit the game? (Confirm with "yes".)

.... ....
.(.# #..#
##..# ...
##'##
##.@.##
##.....##
##.......##
#.........#
+.........+
#
#....%....#
#.
##.......##
#.#
##.<...##
#.# #....##


There were no monsters in sight!

Action                   || total
-------------------------++-------
Melee: Hand axe          ||    48
       Dagger            ||     3
 Stab: Sleeping          ||     4

Notes
Turn   | Place    | Note
--------------------------------------------------------------
     0 | D:1      | Duffy the Demonspawn Assassin began the quest for the Orb.
     0 | D:1      | Reached XP level 1. HP: 16/16 MP: 1/1
    11 | D:1      | Reached skill level 1 in Dodging
   121 | D:1      | Reached skill level 1 in Axes
   255 | D:1      | Gained mutation: You are partially covered in yellow scales (AC +2). [demonic ancestry]
   255 | D:1      | Reached XP level 2. HP: 20/22 MP: 2/2
   486 | D:3      | Found a faded altar to an unknown god.
   495 | D:3      | Became a worshipper of Lugonu the Unformed
   495 | D:3      | Reached * piety under Lugonu
   495 | D:3      | Reached ** piety under Lugonu
   532 | D:3      | Quit the game

Vault maps used:
D:1:      onia_arrival_handbag, minmay_misc_feat_five,
          minmay_misc_feat_four_crosses
D:3:      nicolae_overflow_hidden_temple,
          nicolae_dithmenos_through_a_glass_darkly, okawaru_gym_becter,
          ecumenical_altar_2, roderic_serpentine_path, minmay_misc_feat_room,
          nicolae_ru_great_annihilating_truth

Vanquished Creatures
  A giant gecko
  2 giant cockroaches
  3 goblins
  A ball python
  4 bats
  2 giant newts
  2 kobolds
  4 rats
19 creatures vanquished.
